 Dungeon Crawl Stone Soup version 0.17-a0-2098-gf59d6bc (webtiles) character file.

289 septik the Cudgeler (level 6, -5/49 HPs)
             Began as a Mummy Fighter on Oct 17, 2015.
             Killed by divine providence
             ... invoked by an orc priest
              (11 damage)
             ... on level 3 of the Dungeon.
             The game lasted 00:11:43 (3892 turns).

septik the Cudgeler (Mummy Fighter)                 Turns: 3892, Time: 00:11:43

Health: -5/49      AC: 10    Str: 21    XL:     6   Next: 9%
Magic:  6/6        EV:  5    Int:  7    God:
Gold:   113        SH:  9    Dex: 12    Spells: 0 memorised, 5 levels left

rFire  x . .     SeeInvis .     e - +3 short sword
rCold  + . .     Clarity  .     g - +0 chain mail
rNeg   + + +     SustAt   .     c - +0 shield
rPois  ∞         Gourm    .     k - +0 helmet
rElec  .         Spirit   .     (no cloak)
rCorr  .         Warding  .     (no gloves)
rMut   .         Stasis   .     (no boots)
MR     .....                    (no amulet)
Stlth  ..........               (no ring)
                                (no ring)

@: not resistant to hostile enchantments, extremely unstealthy
A: no food or potions, fire vulnerability, cold resistance 1, negative energy
resistance 3, torment resistance, unbreathing
a: no special abilities


You were on level 3 of the Dungeon.
You were not hungry.

You visited 1 branch of the dungeon, and saw 4 of its levels.

You collected 113 gold pieces.

Inventory:

Hand Weapons
 a - a +0 flail
 e - a +3 short sword (weapon)
Armour
 c - a +0 shield (worn)
 g - a +0 chain mail (worn)
 k - a +0 helmet (worn)
Jewellery
 d - a +5 ring of strength {unknown}
Wands
 i - a wand of cold (7)
Scrolls
 b - 2 scrolls of fear {unknown}
 f - 6 scrolls of identify {unknown}
 h - 2 scrolls of enchant weapon {unknown}
 j - a scroll of noise {unknown}
 l - a scroll of remove curse {unknown}


   Skills:
 + Level 4.4 Fighting
 * Level 4.5 Maces & Flails
 - Level 2.4 Armour
 - Level 2.4 Shields


You had 5 spell levels left.
You didn't know any spells.

Dungeon Overview and Level Annotations

Branches:
Dungeon (4/15)
 Temple: D:4-7

Altars:
Cheibriados
Qazlal
Sif Muna
Vehumet

Annotations:
D:4 Pikel


Innate Abilities, Weirdness & Mutations

You do not eat or drink.
Your flesh is vulnerable to fire.
You are immune to poison.
Your flesh is cold resistant.
You are immune to negative energy.
You are immune to unholy pain and torment.
You can survive without breathing.


Message History

The orc wizard seems to speed up.
The orc priest mumbles some strange prayers to Beogh against you.
You are unaffected.
The orc priest hits you but does no damage.
You climb upwards.
There is a stone staircase leading down here.
You block the orc wizard's attack.
The orc priest looks braver for a moment.
The orc wizard points at you and mumbles some strange words.
The magic dart hits you!
* * * LOW HITPOINT WARNING * * *
The orc wizard gestures at you while chanting.
The magic dart hits you!
* * * LOW HITPOINT WARNING * * *
The orc wizard gestures at you while chanting.
The magic dart hits you!
* * * LOW HITPOINT WARNING * * *
The orc priest invokes the aid of Beogh against you.
Something smites you!
You die...

##.#########..)[..............#.#
....##........)>....#...........#
....##........#(...............##
.....#........#........!......##
................o).##.........#
.....#........##.#.##.........#
..............##o#.##.........###
.....#........##...##.........##.
...........)..#.@####.........#..
...##.#.####.....# ##...........
#####.....###..#.# ##..........
...###.##.# #..#.# ###..####.....
##.###..#.###.##.# #...#####.....
##.(###.#..##.##<# #.####........
.##.....##.##.##.###.# #.##...(.
..####...>[##..#..%..# #.#######
...# ##.##[###.....### ##.# #


You could see an orc priest and an orc wizard.

Vanquished Creatures
  2 slaves (D:3)
  A hound (D:4)
  A gnoll shaman (D:3)
  A worker ant (D:4)
  A hound skeleton (D:4)
  5 gnolls (D:3)
  5 adders
  2 worms
  12 orcs
  9 bats
  2 giant cockroaches (D:2)
  7 hobgoblins
  8 kobolds
  A ball python (D:1)
  5 giant newts
  6 goblins
  7 jackals
  A jackal skeleton (D:4)
  2 quokkas (D:3)
  12 rats
90 creatures vanquished.

Notes
Turn   | Place    | Note
--------------------------------------------------------------
     0 | D:1      | septik the Mummy Fighter began the quest for the Orb.
     0 | D:1      | Reached XP level 1. HP: 18/18 MP: 1/1
   299 | D:1      | Reached XP level 2. HP: 24/24 MP: 2/2
   352 | D:1      | Found a snail-covered altar of Cheibriados.
   979 | D:2      | Reached XP level 3. HP: 12/29 MP: 3/3
  1651 | D:2      | Reached XP level 4. HP: 28/36 MP: 4/4
  1942 | D:3      | Found a stormy altar of Qazlal.
  2175 | D:3      | Found a deep blue altar of Sif Muna.
  2175 | D:3      | Found a radiant altar of Vehumet.
  2468 | D:4      | Reached skill level 4 in Fighting
  2468 | D:4      | Reached XP level 5. HP: 18/42 MP: 5/5
  3099 | D:4      | Noticed Pikel
  3099 | D:4      | Noticed a slave
  3099 | D:4      | Noticed a slave
  3100 | D:4      | Noticed a slave
  3139 | D:3      | Killed a slave
  3359 | D:3      | Killed a slave
  3480 | D:4      | Reached XP level 6. HP: 46/49 MP: 6/6
  3639 | D:4      | Noticed a slave
  3892 | D:3      | Killed from afar by an orc priest

Vault maps used:
D:1:      dpeg_arrival_brainrot, cheibriados_altar_1
D:2:      grunt_ministairs_14
D:3:      grunt_qazlal_clouds, gammafunk_temple_overflow_elements, first_bread
D:4:      uniq_pikel

Action                   |  1- 3 |  4- 6 || total
-------------------------+-------+-------++-------
Melee: Flail             |    33 |       ||    33
       Short sword       |   141 |   269 ||   410
